 Dungeon Sprint DCSS version 0.20-a0-1109-ge3cd172 (webtiles) character file.

1222 potatolord5000 the Fighter (level 8, -9/58 HPs)
             Began as a Gargoyle Fighter on May 5, 2017.
             Mangled by a polar bear (19 damage)
             ... in the Dungeon (Sprint II: "The Violet Keep of Menkaure").
             The game lasted 00:06:23 (487 turns).

potatolord5000 the Fighter (Gargoyle Fighter)        Turns: 487, Time: 00:06:24

Health: -9/58      AC: 23    Str: 19    XL:     8   Next: 47%
Magic:  8/8        EV:  7    Int:  8    God:
Gold:   10         SH: 13    Dex:  9    Spells: 7/7 levels left

rFire    . . .     SeeInvis .   a - +0 flail
rCold    . . .     Gourm    .   c - +0 shield
rNeg     + . .     Faith    .   j - +2 chain mail of a ziggurat {rElec rPois Str-4}
rPois    ∞         Spirit   .   (no helmet)
rElec    +         Reflect  +   (no cloak)
rCorr    .         Harm     .   d - +1 pair of gloves
MR       .....     NoTele   +   h - +1 pair of boots {run}
Stlth    ..........             l - +2 amulet of reflection
Regen    0.2/turn               m - +1 ring of slaying
MPRegen  0.2/turn               (no ring)

@: very slow
A: negative energy resistance 1, electricity resistance, unbreathing,
petrification resistance, rot immunity, AC +5
a: no special abilities


You were in the Dungeon.
You were not hungry.

You visited 1 branch You collected 972 gold pieces.
You spent 962 gold pieces at shops.

Inventory:

Hand Weapons
 a - a +0 flail (weapon)
 b - a +1 morningstar of flaming
Armour
 c - a +0 shield (worn)
 d - a +1 pair of gloves (worn)
 h - a +1 pair of boots of running (worn)
 j - the +2 chain mail of a ziggurat (worn) {rElec rPois Str-4}
   (You bought it in a shop in the Dungeon)

   It affects your strength (-4).
   It insulates you from electricity.
   It protects you from poison.
Jewellery
 l - a +2 amulet of reflection (around neck)
 m - a +1 ring of slaying (left hand)
Scrolls
 k - a scroll of blinking
Potions
 e - a potion of curing
 g - 2 potions of heal wounds
 i - 2 potions of magic
Comestibles
 f - a bread ration


   Skills:
 + Level 10.5 Fighting
 + Level 9.4 Maces & Flails
 + Level 10.5 Armour
 + Level 0.0 Stealth
 + Level 10.4 Shields


You had 7 spell levels left.
You didn't know any spells.

Dungeon Overview and Level Annotations

Branches:
Dungeon (1/1)

Altars:
Cheibriados
Dithmenos
Elyvilon
Fedhas
Gozag
Kikubaaqudgha
Makhleb
Nemelex Xobeh
Okawaru
Sif Muna
Trog
Uskayaw
Vehumet
Yredelemnul
Zin
Beogh
Jiyva
Lugonu

Shops:
D =[::}!%%%?!(=*[?

Annotations:
D exclusion: oklob plant


Innate Abilities, Weirdness & Mutations

You are resistant to torment.
Your stone body is resilient. (AC +5)
You are immune to poison.
You resist negative energy. (rN+)
You are resistant to electric shocks. (rElec)
You can survive without breathing.
You are immune to petrification.
You are immune to rotting.


Message History

You closely miss the polar bear.
The polar bear is almost dead.
The hornet barely misses you.
The polar bear bites you but does no damage.
The polar bear claws you.
The polar bear claws you but does no damage.
You block the polar bear's attack. The polar bear completely misses you.
You block the polar bear's attack. The hornet stings you.
You hit the polar bear but do no damage.
The polar bear is almost dead.
The polar bear bites you. You block the polar bear's attack.
The polar bear claws you but does no damage.
The polar bear bites you but does no damage.
You block the polar bear's attack.
The polar bear claws you but does no damage.
The hornet stings you!
* * * LOW HITPOINT WARNING * * *
Your unstable footing causes you to fumble your attack.
The polar bear bites you!!
You die...

.# ## ## ## #.###.# .#
##.#.# ##..## .#
###÷###.##..# .# #
.##.##...#..# ^# .#
#'.<.'.# +§§### .##.#
.##.#### #§..§###h..##▓▓
###'## ##.§§...@yh≈≈≈≈≈
##.÷÷####≈≈.....h#+#####
#..#..#≈≈≈≈≈≈≈..≈#....._
##. .##≈≈≈≈≈≈≈≈§≈#...._.
≈##+##≈≈≈§≈≈§≈§≈§#..._._
≈≈≈≈≈≈≈≈≈≈≈≈≈§§§§#.._._.
+++#+++#§≈§§§≈≈§≈#._._._
≈≈§≈§ ##≈≈§###§§#_._._.
§≈§≈§≈≈§##§≈# #≈§#._._._


You could see 3 polar bears and a hornet.

Vanquished Creatures
  2 tyrant leeches (D)
  2 hippogriffs (D)
  Menkaure (D)
  4 necrophages (D)
  2 worms (D)
11 creatures vanquished.

Vanquished Creatures (others)
  A crocodile (D)
1 creature vanquished.

Grand Total: 12 creatures vanquished

Notes
Turn   | Place    | Note
-------+----------+-------------------------------------------
     0 | D        | potatolord5000 the Gargoyle Fighter began the quest for the Orb.
     0 | D        | Reached XP level 1. HP: 14/14 MP: 1/1
     1 | D        | Noticed a hippogriff
     1 | D        | Noticed a hippogriff
     8 | D        | Killed a hippogriff
     8 | D        | Reached skill level 5 in Maces & Flails
     8 | D        | Reached XP level 2. HP: 12/23 MP: 2/2
     8 | D        | Reached XP level 3. HP: 14/28 MP: 3/3
     8 | D        | Reached XP level 4. HP: 16/32 MP: 4/4
     8 | D        | Reached XP level 5. HP: 19/37 MP: 5/5
    11 | D        | Killed a hippogriff
    11 | D        | Reached XP level 6. HP: 17/44 MP: 6/6
    21 | D        | Noticed a necrophage
    21 | D        | Noticed a necrophage
    21 | D        | Noticed a necrophage
    21 | D        | Noticed a necrophage
    26 | D        | Killed a necrophage
    26 | D        | Reached XP level 7. HP: 19/50 MP: 7/7
    39 | D        | Noticed a tyrant leech
    39 | D        | Noticed a tyrant leech
    44 | D        | Killed a tyrant leech
    44 | D        | Reached skill level 10 in Armour
    44 | D        | Reached XP level 8. HP: 10/57 MP: 8/8
    49 | D        | Killed a tyrant leech
    49 | D        | Reached skill level 10 in Fighting
    49 | D        | Reached skill level 10 in Shields
   295 | D        | Found Niajuz's General Store.
   295 | D        | Found Keari's Magic Scroll Boutique.
   295 | D        | Found Moecusud's Magic Scroll Shop.
   295 | D        | Found Caiz's Distillery.
   295 | D        | Found Beletokki's Jewellery Boutique.
   295 | D        | Found Utennoaps's Antique Armour Boutique.
   296 | D        | Found Poedukh's Antique Weapon Shop.
   296 | D        | Found Xopigasch's Food Boutique.
   296 | D        | Found Yfrooh's Food Shop.
   297 | D        | Found Sebbiex's Food Shop.
   297 | D        | Found Cahawex's Distillery.
   298 | D        | Noticed a wyvern
   299 | D        | Noticed a wyvern
   299 | D        | Found Keniqoz's Gadget Boutique.
   299 | D        | Found Oshem's Book Shop.
   299 | D        | Noticed Menkaure
   299 | D        | Noticed an oklob plant
   300 | D        | Noticed an ice dragon
   300 | D        | Found Zekhiopn's Antique Armour Shop.
   300 | D        | Found Joykic's Book Shoppe.
   300 | D        | Found Norch's Jewellery Boutique.
   313 | D        | Killed Menkaure
   325 | D        | Bought a pair of glowing gloves for 165 gold pieces
   325 | D        | Bought a pair of embroidered boots for 165 gold pieces
   325 | D        | Bought an ichor-stained chain mail for 209 gold pieces
   362 | D        | Identified the +2 chain mail of a ziggurat {rElec rPois Str-4} (You bought it in a shop in the Dungeon)
   392 | D        | Identified a +1 pair of boots of running (You bought it in a shop in the Dungeon)
   403 | D        | Bought a glowing morningstar for 168 gold pieces
   404 | D        | Noticed a fire dragon
   417 | D        | Bought a potion of heal wounds for 60 gold pieces
   417 | D        | Bought a potion of heal wounds for 60 gold pieces
   422 | D        | Bought a +2 amulet of reflection for 75 gold pieces
   423 | D        | Bought a +1 ring of slaying for 60 gold pieces
   445 | D        | Noticed an orange crystal statue
   457 | D        | Found an opulent altar of Gozag.
   458 | D        | Found a blossoming altar of Fedhas.
   458 | D        | Found a sparkling altar of Nemelex Xobeh.
   458 | D        | Found an iron altar of Okawaru.
   459 | D        | Found a white marble altar of Elyvilon.
   459 | D        | Found a burning altar of Makhleb.
   459 | D        | Found a radiant altar of Vehumet.
   460 | D        | Found a shadowy altar of Dithmenos.
   460 | D        | Found a corrupted altar of Lugonu.
   460 | D        | Found a hide-covered altar of Uskayaw.
   461 | D        | Found a snail-covered altar of Cheibriados.
   461 | D        | Found an ancient bone altar of Kikubaaqudgha.
   461 | D        | Found a bloodstained altar of Trog.
   461 | D        | Found a glowing silver altar of Zin.
   462 | D        | Found a roughly hewn altar of Beogh.
   462 | D        | Found a viscous altar of Jiyva.
   462 | D        | Found a deep blue altar of Sif Muna.
   462 | D        | Found a basalt altar of Yredelemnul.
   462 | D        | Noticed a polar bear
   463 | D        | Noticed a polar bear
   465 | D        | Noticed a hornet
   467 | D        | Noticed a yaktaur
   471 | D        | Noticed a polar bear
   487 | D        | Mangled by a polar bear

Vault maps used:
D:        the_violet_keep_of_menkaure

Skill      XL: |  1  2  3  4  5  6  7  8 |
---------------+-------------------------+-----
Fighting       | 6 8 9 10 | 10.5
Maces & Flails | 5 7 8 9 |  9.4
Armour         | 6 8 10 | 10.5
Shields        | 6 8 9 10 | 10.4

Action                   |  1- 3 |  4- 6 |  7- 9 || total
-------------------------+-------+-------+-------++-------
Melee: Flail             |     5 |    10 |    45 ||    60
  Use: Potion            |     2 |       |     2 ||     4
Armor: Scale mail        |     4 |     2 |     6 ||    12
       Chain mail        |       |       |    60 ||    60
Dodge: Dodged            |     2 |     2 |    26 ||    30
Block: Shield            |     3 |     7 |    52 ||    62
